 Dungeon Crawl Stone Soup version 0.27-a0-1154-gfdeffcb720 (webtiles) character file.

Game seed: 1121597862150864453

84 leviel the Ruffian (level 4, 0/44 HPs)
             Began as a Troll Monk on May 14, 2021.
             Slain by Sigmund
             ... wielding a +0 scythe
              (10 damage)
             ... on level 2 of the Dungeon.
             The game lasted 00:01:35 (1108 turns).

leviel the Ruffian (Troll Monk)                     Turns: 1108, Time: 00:01:36

Health: 0/44       AC:  4    Str: 17 (20) XL:     4   Next: 23%
Magic:  3/3        EV: 10    Int:  3 (6)  God:
Gold:   25         SH:  0    Dex:  9 (12) Spells: 3/3 levels left

rFire    . . .     SeeInvis .     - Unarmed
rCold    . . .     Faith    .   (no shield)
rNeg     . . .     Spirit   .   a - +0 robe
rPois    .         Reflect  .   (helmet restricted)
rElec    .         Harm     .   (no cloak)
rCorr    .         Rampage  .   (gloves unavailable)
Will     .....     Clarity  +   (boots unavailable)
Stlth    +.........             (no amulet)
HPRegen  1.14/turn              b - ring of flight
MPRegen  0.08/turn              (no ring)

@: flying
A: large, unfitting armour, claws 3, regeneration 1, shaggy fur 1, tough skin 1,
horns 1, clarity
a: no special abilities


You were on level 2 of the Dungeon.
You visited 1 branch of the dungeon, and saw 2 of its levels.

You collected 25 gold pieces.

Inventory:

Armour
 a - a +0 robe (worn)
Jewellery
 b - a ring of flight (left claw)
Scrolls
 d - 3 scrolls of identify {@r1}
 f - a scroll of vulnerability {unknown}
Potions
 c - 4 potions of curing


   Skills:
 + Level 2.9 Fighting
 + Level 3.0 Dodging
 + Level 1.2 Stealth
 + Level 4.0 Unarmed Combat


You had 3 spell levels left.
You didn't know any spells.
Your spell library contained the following spells:

 Spells                   Type           Power      Damage    Failure   Level
 Magic Dart               Conj           0%         1d3       52%         1
 Searing Ray              Conj           0%         3d3       67%         2
 Dazzling Flash           Conj/Hex       0%         N/A       88%         3
 Fulminant Prism          Conj/Hex       0%         3d6       99%         4
 Iskenderun's Mystic Bla  Conj/Tloc      0%         2d3       99%         4


Dungeon Overview and Level Annotations

Branches:
Dungeon (2/15)

Altars:

Annotations:
D:2 Sigmund


Innate Abilities, Weirdness & Mutations

You are too large for most types of armour.
You have claws for hands.
Your natural rate of healing is unusually fast.
You are covered in fur. (AC +1)
You have tough skin. (AC +1)
You have a pair of small horns on your head.
You possess an exceptional clarity of mind.


Message History

You claw the jackal!
You kill the jackal!
The frilled lizard barely misses you.
Your Unarmed Combat skill increases to level 4!
You scratch the jackal. You headbutt the jackal.
You kill the jackal!
The frilled lizard barely misses you.
You closely miss the frilled lizard. You headbutt the frilled lizard.
You kill the frilled lizard!
You hear some strange, mumbled words.
Something tries to affect you, but you resist.
No target in view!
No target in view!
No target in view!
No target in view!
No target in view!
No target in view!
No target in view!
No target in view!
No target in view!
There is a strange disturbance nearby!
Unknown command.
No target in view!
It was a potion of degeneration.
There was something very wrong with that liquid.
You feel weakened.
You feel dopey.
You feel clumsy.
You hear some strange, mumbled words.
You feel momentarily confused.
You completely miss something. Your headbutt misses something.
Something completely misses you.
You closely miss something. Your headbutt misses something. Something hits you!
You miss something. Something hits you!
You closely miss something. Something hits you!
A frilled lizard comes into view.
You barely miss something.
The frilled lizard hisses angrily.
Your headbutt misses something. Something hits you!
* * * LOW HITPOINT WARNING * * *
You miss something. You headbutt something. Something hits you!
You die...

##################
.>[...............
##.###..††.#######.
..........)# #. #.
#.###.....# #.
....###.###.....#
#. #....†.......(#
## #..##@###.....#
#.# #.....# #.#
####### #.# #l# ...
#.. ###


You could see a frilled lizard.

Vanquished Creatures
  Natasha (twice) (D:2)
  A bat (D:1)
  2 endoplasms
  2 hobgoblins (D:1)
  8 jackals
  2 kobolds (D:2)
  2 quokkas (D:2)
  5 ball pythons
  3 frilled lizards
  2 goblins (D:2)
  4 rats
33 creatures vanquished.

Notes
Turn   | Place    | Note
-------+----------+-------------------------------------------
     0 | D:1      | leviel the Troll Monk began the quest for the Orb.
     0 | D:1      | Reached XP level 1. HP: 22/22 MP: 0/0
   229 | D:1      | Reached XP level 2. HP: 29/29 MP: 1/1
   289 | D:1      | Gained mutation: You possess an exceptional clarity of
                  | mind. [potion of mutation]
   289 | D:1      | Gained mutation: You have a pair of small horns on your
                  | head. [potion of mutation]
   519 | D:1      | Found a faded altar of an unknown god.
   764 | D:2      | Noticed Natasha
   771 | D:2      | Killed Natasha
   772 | D:2      | Reached XP level 3. HP: 25/36 MP: 2/2
   879 | D:2      | Noticed Natasha
   885 | D:2      | Killed Natasha
   886 | D:2      | Reached XP level 4. HP: 42/44 MP: 3/3
  1096 | D:2      | Noticed Sigmund
  1099 | D:2      | Reached skill level 4 in Unarmed Combat
  1108 | D:2      | Slain by Sigmund

Illustrated notes

Levels and vault maps discovered:
D:1:      psy_arrival_radial01, layout_basic, hellmonk_ecumenical_altar_blasted,
          serial_bayou_ford_a
D:2:      layout_basic, uniq_natasha, uniq_sigmund, uniq_crazy_yiuf_cottage

Skill      XL: |  1  2  3  4 |
---------------+-------------+-----
Dodging        | 3 |  3.0
Unarmed Combat | 4 |  4.0
Fighting       | |  2.9
Stealth        | |  1.2

Action                   |  1- 3 |  4- 6 || total
-------------------------+-------+-------++-------
Melee: Unarmed           |    60 |    20 ||    80
       Headbutt          |     4 |     5 ||     9
  Use: Potion            |     2 |     1 ||     3
       Scroll            |     1 |       ||     1
 Stab: Sleeping          |     2 |       ||     2
Armor: Robe              |    18 |     2 ||    20
Dodge: Dodged            |    29 |     8 ||    37

Table legend: (Time is in decaauts)
 A = Elapsed time spent in this place.
 B = Non-inter-level travel time spent in this place.
 C = Inter-level travel time spent in this place.
 D = Time resting spent in this place.
 E = Time spent auto-exploring this place.
 F = Levels seen in this place.
 G = Mean time per level.
                   A        B        C        D        E       F      G
               +--------+--------+--------+--------+--------+-----+--------+
         Total |   1089 |   1036 |     53 |      0 |    867 |   2 |  544.5 |
       Dungeon |   1089 |   1036 |     53 |      0 |    867 |   2 |  544.5 |
               +--------+--------+--------+--------+--------+-----+--------+

Top non-repeatable levels by time:
     D:1: 715 daAuts
     D:2: 373 daAuts
